| TOP OF THE 1ST |
|
Burlington Royals batting - Pitching for Cleveland (APP) Indians : RHP Jose Esteban
|
|
Pitching: RHP Jose Esteban
|
|
|
Batting: LHB Ernesto Abreu
|
0-0: Ball 1-0: Ball 2-0: Foul Ball, location: 2F 2-1: Fly out, F8 (Line Drive, 8LD, EV 105.0 MPH)
|
|
Batting: RHB Tim Persson
|
0-0: Ball 1-0: Ball 2-0: Called Strike 2-1: Ball 3-1: Base on Balls
|
|
Batting: SHB Manny Berrones
|
0-0: Ball Tim Persson is caught stealing 2nd base 2-6 1-0: Swinging Strike 1-1: Foul Ball, location: 2F 1-2: Ball 2-2: Foul Ball, location: 2F 2-2: Ball 3-2: Strikes out swinging
|
| Top of the 1st over - 0 runs, 0 hits, 0 errors, 0 left on base; Burlington 0 - Cleveland (APP) 0 |
| BOTTOM OF THE 1ST |
|
Cleveland (APP) Indians batting - Pitching for Burlington Royals : RHP Mike Tuck
|
|
Pitching: RHP Mike Tuck
|
|
|
Batting: RHB John Clark
|
0-0: Called Strike 0-1: Called Strike 0-2: Strikes out swinging
|
|
Batting: RHB Carlos Manriquez
|
0-0: Called Strike 0-1: Swinging Strike 0-2: Foul Ball, location: 2F 0-2: Ball 1-2: Ball 2-2: Ball 3-2: SINGLE (Groundball, 4M, EV 110.6 MPH)
|
|
Batting: RHB Juan Gallardo
|
0-0: Called Strike 0-1: Swinging Strike 0-2: Ball 1-2: Foul Ball, location: 2F 1-2: Foul Ball, location: 2F 1-2: Strikes out swinging
|
|
Batting: RHB Luis Roman
|
0-0: Ball 1-0: Foul Ball, location: 2F 1-1: Foul Ball, location: 2F 1-2: Ball 2-2: Strikes out swinging
|
| Bottom of the 1st over - 0 runs, 1 hit, 0 errors, 1 left on base; Burlington 0 - Cleveland (APP) 0 |
| TOP OF THE 2ND |
|
Burlington Royals batting - Pitching for Cleveland (APP) Indians : RHP Jose Esteban
|
|
Batting: SHB Danny Ballenger
|
0-0: Ball 1-0: Called Strike 1-1: Ball 2-1: Foul Ball, location: 2F 2-2: Ball 3-2: Base on Balls
|
|
Pitching: RHP Gilbert Paparelli
|
|
|
Batting: RHB Rob Ward
|
0-0: Ball 1-0: Fielders Choice at 2nd, 5-4 (Groundball, 56S, EV 85.6 MPH)
|
|
Batting: LHB Bobby Gonzalez
|
0-0: Ball Wild Pitch! Rob Ward to second 1-0: Ball 2-0: Foul Ball, location: 2F 2-1: Ball Passed Ball! Rob Ward to third 3-1: Base on Balls
|
|
Batting: SHB Marcos Cortez
|
0-0: Ball 1-0: Ball 2-0: Swinging Strike Passed Ball! Rob Ward scores Bobby Gonzalez to second 2-1: Ball 3-1: Base on Balls
|
|
Batting: RHB Shane Bruce
|
0-0: Ball Passed Ball! Bobby Gonzalez to third Marcos Cortez to second 1-0: Ball 2-0: Called Strike 2-1: Foul Ball, location: 2F 2-2: Ball Wild Pitch! Bobby Gonzalez scores Marcos Cortez to third 3-2: Strikes out swinging, 2-3 out at first.
|
|
Pitching: LHP Jordan Jimenez
|
|
|
Batting: RHB Matthew Orphan
|
0-0: Ball Passed Ball! Marcos Cortez scores 1-0: SINGLE (Groundball, 56D, EV 95.6 MPH)
|
|
Batting: LHB Ernesto Abreu
|
0-0: Foul Ball, location: 2F 0-1: Ball 1-1: Called Strike 1-2: Ground out 4-3 (Groundball, 4, EV 82.5 MPH)
|
| Top of the 2nd over - 3 runs, 1 hit, 0 errors, 1 left on base; Burlington 3 - Cleveland (APP) 0 |
| BOTTOM OF THE 2ND |
|
Cleveland (APP) Indians batting - Pitching for Burlington Royals : RHP Mike Tuck
|
|
Batting: LHB Kenji Yokoyama
|
0-0: Fly out, F8 (Flyball, 78D, EV 92.5 MPH)
|
|
Batting: RHB Joe Shade
|
0-0: Ball 1-0: Foul Ball, location: 2F 1-1: Ball 2-1: Fly out, F8 (Flyball, 8RXD, EV 106.9 MPH)
|
|
Batting: LHB Heath Ryland
|
0-0: Foul Ball, location: 2F 0-1: Ball 1-1: Ball 2-1: Foul Ball, location: 2F 2-2: Strikes out swinging
|
| Bottom of the 2nd over - 0 runs, 0 hits, 0 errors, 0 left on base; Burlington 3 - Cleveland (APP) 0 |
| TOP OF THE 3RD |
|
Burlington Royals batting - Pitching for Cleveland (APP) Indians : LHP Jordan Jimenez
|
|
Batting: RHB Tim Persson
|
0-0: Called Strike 0-1: Fly out, F7 (Flyball, 7, EV 81.3 MPH)
|
|
Batting: SHB Manny Berrones
|
0-0: Ball 1-0: Called Strike 1-1: Ball 2-1: SINGLE (Line Drive, 9S, EV 109.4 MPH)
|
|
Batting: SHB Danny Ballenger
|
0-0: Foul Ball, location: 2F 0-1: Fly out, F9 (Line Drive, 9, EV 89.4 MPH)
|
|
Batting: RHB Rob Ward
|
0-0: Ball 1-0: Ball 2-0: Ball 3-0: Base on Balls Manny Berrones to second
|
|
Batting: LHB Bobby Gonzalez
|
0-0: Called Strike 0-1: Called Strike 0-2: Strikes out looking
|
| Top of the 3rd over - 0 runs, 1 hit, 0 errors, 2 left on base; Burlington 3 - Cleveland (APP) 0 |
| BOTTOM OF THE 3RD |
|
Cleveland (APP) Indians batting - Pitching for Burlington Royals : RHP Mike Tuck
|
|
Batting: RHB Ken Shear
|
0-0: Ball 1-0: SINGLE (Groundball, 56D, EV 109.4 MPH)
|
|
Batting: SHB Mike Shields
|
0-0: Bunt missed! 0-1: Bunt missed! 0-2: Reached on error, E5 (Groundball, 5S, EV 43.8 MPH) Ken Shear to third
|
|
Batting: RHB John Clark
|
0-0: Ground out 4-3 (Groundball, 4, EV 81.9 MPH) Ken Shear scores Mike Shields to third
|
|
Batting: RHB Carlos Manriquez
|
0-0: Ball Wild Pitch! Mike Shields scores 1-0: Ground out 6-3 (Groundball, 6S, EV 88.1 MPH)
|
|
Batting: RHB Juan Gallardo
|
0-0: Called Strike 0-1: Ball 1-1: Foul Ball, location: 2F 1-2: Strikes out looking
|
| Bottom of the 3rd over - 2 runs, 1 hit, 1 error, 0 left on base; Burlington 3 - Cleveland (APP) 2 |
| TOP OF THE 4TH |
|
Burlington Royals batting - Pitching for Cleveland (APP) Indians : LHP Jordan Jimenez
|
|
Batting: SHB Marcos Cortez
|
0-0: Ball 1-0: Swinging Strike 1-1: Swinging Strike 1-2: Ball 2-2: Ball 3-2: Strikes out swinging
|
|
Batting: RHB Shane Bruce
|
0-0: Called Strike 0-1: Ball 1-1: Ball 2-1: SINGLE (Groundball, 56D, EV 94.4 MPH)
|
|
Batting: RHB Matthew Orphan
|
Pickoff Throw to First - Out! 1-3 0-0: Called Strike 0-1: Ball 1-1: DOUBLE (Line Drive, 7LS, EV 97.5 MPH)
|
|
Batting: LHB Ernesto Abreu
|
0-0: Called Strike 0-1: Ball Passed Ball! Matthew Orphan to third 1-1: Ball 2-1: Foul Ball, location: 2F 2-2: Ball 3-2: Base on Balls
|
|
Batting: RHB Tim Persson
|
0-0: Ball Ernesto Abreu steals 2nd base 1-0: Ball 2-0: Foul Ball, location: 2F 2-1: Ball Passed Ball! Matthew Orphan scores Ernesto Abreu to third 3-1: Called Strike 3-2: Base on Balls
|
|
Batting: SHB Manny Berrones
|
0-0: Fly out, F9 (Flyball, 9, EV 91.3 MPH)
|
| Top of the 4th over - 1 run, 2 hits, 0 errors, 2 left on base; Burlington 4 - Cleveland (APP) 2 |
| BOTTOM OF THE 4TH |
|
Cleveland (APP) Indians batting - Pitching for Burlington Royals : RHP Mike Tuck
|
|
Batting: RHB Luis Roman
|
0-0: Swinging Strike 0-1: Foul Ball, location: 2F 0-2: Ball 1-2: Ground out 6-3 (Groundball, 6M, EV 86.3 MPH)
|
|
Batting: LHB Kenji Yokoyama
|
0-0: Ball 1-0: SINGLE (Groundball, 56D, EV 100.6 MPH)
|
|
Batting: RHB Joe Shade
|
0-0: Called Strike 0-1: Ball 1-1: Fly out, F8 (Flyball, 8LM, EV 98.1 MPH)
|
|
Batting: LHB Heath Ryland
|
0-0: Called Strike 0-1: SINGLE (Groundball, 34D, EV 108.8 MPH) Kenji Yokoyama to second Runner from 2nd tries for 3rd, SAFE, throw by RF made to third
|
|
Batting: RHB Ken Shear
|
0-0: Called Strike 0-1: Called Strike 0-2: Ball 1-2: Ball 2-2: Strikes out swinging
|
| Bottom of the 4th over - 0 runs, 2 hits, 0 errors, 2 left on base; Burlington 4 - Cleveland (APP) 2 |
| TOP OF THE 5TH |
|
Burlington Royals batting - Pitching for Cleveland (APP) Indians : LHP Jordan Jimenez
|
|
Batting: SHB Danny Ballenger
|
0-0: Called Strike 0-1: Foul Ball, location: 2F 0-2: Foul Ball, location: 2F 0-2: Foul Ball, location: 2F 0-2: Ball 1-2: Ball 2-2: Foul Ball, location: 2F 2-2: Strikes out swinging
|
|
Batting: RHB Rob Ward
|
0-0: SINGLE (Groundball, 56, EV 97.5 MPH)
|
|
Batting: LHB Bobby Gonzalez
|
0-0: Foul Ball, location: 2F 0-1: Reached on error, E3 (Groundball, 3, EV 83.8 MPH) Rob Ward to second
|
|
Batting: SHB Marcos Cortez
|
0-0: Ball 1-0: Ball 2-0: Swinging Strike 2-1: Ball 3-1: Fly out, F9 (Flyball, 9D, EV 103.8 MPH) Runner from 2nd tags up, SAFE at 3rd, no throw by RF
|
|
Batting: RHB Shane Bruce
|
0-0: Foul Ball, location: 2F 0-1: Foul Ball, location: 2F 0-2: Ball Wild Pitch! Rob Ward scores Bobby Gonzalez to second 1-2: Ball Wild Pitch! Bobby Gonzalez to third 2-2: Fly out, F7 (Flyball, 7LM, EV 93.8 MPH)
|
| Top of the 5th over - 1 run, 1 hit, 1 error, 1 left on base; Burlington 5 - Cleveland (APP) 2 |
| BOTTOM OF THE 5TH |
|
Cleveland (APP) Indians batting - Pitching for Burlington Royals : RHP Mike Tuck
|
|
Batting: SHB Mike Shields
|
0-0: Called Strike 0-1: Swinging Strike 0-2: Fly out, F8 (Flyball, 8LS, EV 83.1 MPH)
|
|
Batting: RHB John Clark
|
0-0: Called Strike 0-1: Ball 1-1: Swinging Strike 1-2: Fly out, F8 (Flyball, 8LD, EV 91.9 MPH)
|
|
Batting: RHB Carlos Manriquez
|
0-0: Ball 1-0: Called Strike 1-1: Ball 2-1: Called Strike 2-2: Ball 3-2: Strikes out swinging
|
| Bottom of the 5th over - 0 runs, 0 hits, 0 errors, 0 left on base; Burlington 5 - Cleveland (APP) 2 |
| TOP OF THE 6TH |
|
Burlington Royals batting - Pitching for Cleveland (APP) Indians : LHP Jordan Jimenez
|
|
Batting: RHB Matthew Orphan
|
0-0: Called Strike 0-1: Ball 1-1: Called Strike 1-2: Ball 2-2: Ground out 5-3 (Groundball, 56S, EV 74.4 MPH)
|
|
Batting: LHB Ernesto Abreu
|
0-0: Ball 1-0: Foul Ball, location: 2F 1-1: Called Strike 1-2: Foul Ball, location: 2F 1-2: Ball 2-2: Ball 3-2: Foul Ball, location: 2F 3-2: Ground out 5-3 (Groundball, 15, EV 86.9 MPH)
|
|
Batting: RHB Tim Persson
|
0-0: Ball 1-0: Ball 2-0: Ball 3-0: Called Strike 3-1: Called Strike 3-2: Foul Ball, location: 2F 3-2: Base on Balls
|
|
Batting: SHB Manny Berrones
|
0-0: Ball 1-0: Called Strike 1-1: Called Strike 1-2: Ball Tim Persson steals 2nd base 2-2: Foul Ball, location: 2F 2-2: Foul Ball, location: 2F 2-2: SINGLE (Line Drive, 7S, EV 103.1 MPH) Tim Persson to third Runner from 3rd tries for Home, SAFE, throw by LF to home
|
|
Batting: SHB Danny Ballenger
|
0-0: Called Strike 0-1: Ball Passed Ball! Manny Berrones to second 1-1: Foul Ball, location: 2F 1-2: Strikes out swinging
|
| Top of the 6th over - 1 run, 1 hit, 0 errors, 1 left on base; Burlington 6 - Cleveland (APP) 2 |
| BOTTOM OF THE 6TH |
|
Cleveland (APP) Indians batting - Pitching for Burlington Royals : RHP Mike Tuck
|
|
Batting: RHB Juan Gallardo
|
0-0: Swinging Strike 0-1: Foul Ball, location: 2F 0-2: Ball 1-2: Ball 2-2: Ball 3-2: Strikes out looking
|
|
Batting: RHB Luis Roman
|
0-0: Called Strike 0-1: Swinging Strike 0-2: Ball 1-2: Ball 2-2: Strikes out swinging
|
|
Batting: LHB Kenji Yokoyama
|
0-0: Called Strike 0-1: Called Strike 0-2: Strikes out swinging
|
| Bottom of the 6th over - 0 runs, 0 hits, 0 errors, 0 left on base; Burlington 6 - Cleveland (APP) 2 |
| TOP OF THE 7TH |
|
Burlington Royals batting - Pitching for Cleveland (APP) Indians : LHP Jordan Jimenez
|
|
Batting: RHB Rob Ward
|
0-0: Called Strike 0-1: Ball 1-1: Ball 2-1: Ball 3-1: Base on Balls
|
|
Batting: LHB Bobby Gonzalez
|
0-0: Bunt missed! 0-1: Ball 1-1: Ball 2-1: Sac Bunt to 15S - play at second, runner OUT! 1-6
|
|
Batting: SHB Marcos Cortez
|
0-0: Foul Ball, location: 2F 0-1: Ball 1-1: Called Strike 1-2: Strikes out looking Bobby Gonzalez steals 2nd base Batter strikes out.
|
|
Batting: RHB Shane Bruce
|
0-0: Intentional Walk
|
|
Batting: RHB Matthew Orphan
|
0-0: Ball Passed Ball! Bobby Gonzalez to third Shane Bruce to second 1-0: Ball 2-0: Foul Ball, location: 2F 2-1: Ball Wild Pitch! Bobby Gonzalez scores Shane Bruce to third 3-1: Base on Balls
|
|
Batting: LHB Ernesto Abreu
|
0-0: Called Strike 0-1: Ball Wild Pitch! Shane Bruce scores Matthew Orphan to second 1-1: Ball 2-1: Ball 3-1: Base on Balls
|
|
Batting: RHB Tim Persson
|
0-0: Ball 1-0: SINGLE (Groundball, 25, EV 72.5 MPH) (infield hit) Matthew Orphan to third Ernesto Abreu to second
|
|
Batting: SHB Manny Berrones
|
0-0: Ball 1-0: Ball 2-0: Swinging Strike Passed Ball! Matthew Orphan scores Ernesto Abreu to third Tim Persson to second 2-1: Ball Passed Ball! Ernesto Abreu scores Tim Persson to third 3-1: Base on Balls
|
|
Batting: SHB Danny Ballenger
|
0-0: Ground out 4-3 (Groundball, 4, EV 104.4 MPH)
|
| Top of the 7th over - 4 runs, 1 hit, 0 errors, 2 left on base; Burlington 10 - Cleveland (APP) 2 |
| BOTTOM OF THE 7TH |
|
Cleveland (APP) Indians batting - Pitching for Burlington Royals : RHP Mike Tuck
|
|
Batting: RHB Joe Shade
|
0-0: Ball 1-0: Foul Ball, location: 2F 1-1: Called Strike 1-2: Ball 2-2: Strikes out swinging
|
|
Batting: LHB Heath Ryland
|
0-0: Ball 1-0: Called Strike 1-1: Called Strike 1-2: Strikes out swinging
|
|
Batting: RHB Ken Shear
|
0-0: Called Strike 0-1: Ball 1-1: Foul Ball, location: 2F 1-2: Ball 2-2: Ball 3-2: Base on Balls
|
|
Pitching: RHP Travis Stump
|
|
|
Batting: SHB Mike Shields
|
0-0: Ball 1-0: Called Strike 1-1: Ball 2-1: Ball 3-1: Foul Ball, location: 2F 3-2: Ground out 3-1 (Groundball, 34, EV 101.9 MPH)
|
| Bottom of the 7th over - 0 runs, 0 hits, 0 errors, 1 left on base; Burlington 10 - Cleveland (APP) 2 |
| TOP OF THE 8TH |
|
Burlington Royals batting - Pitching for Cleveland (APP) Indians : LHP Jordan Jimenez
|
|
Batting: RHB Rob Ward
|
0-0: Ball 1-0: Ball 2-0: Called Strike 2-1: Ball 3-1: Foul Ball, location: 2F 3-2: Base on Balls
|
|
Batting: LHB Bobby Gonzalez
|
0-0: Foul Ball, location: 2F 0-1: Fly out, F6 (Line Drive, 6, EV 63.1 MPH)
|
|
Batting: SHB Marcos Cortez
|
0-0: Ground out 4-3 (Groundball, 4S, EV 62.5 MPH) Rob Ward to second
|
|
Batting: RHB Shane Bruce
|
0-0: Ball Passed Ball! Rob Ward to third 1-0: Ball 2-0: Ball Wild Pitch! Rob Ward scores 3-0: Foul Ball, location: 2F 3-1: Base on Balls
|
|
Batting: RHB Matthew Orphan
|
0-0: Ground out U3 (Groundball, 3L, EV 86.9 MPH)
|
| Top of the 8th over - 1 run, 0 hits, 0 errors, 1 left on base; Burlington 11 - Cleveland (APP) 2 |
| BOTTOM OF THE 8TH |
|
Cleveland (APP) Indians batting - Pitching for Burlington Royals : RHP Travis Stump
|
|
Batting: RHB John Clark
|
0-0: Called Strike 0-1: Called Strike 0-2: Foul Ball, location: 2F 0-2: Ball 1-2: Strikes out swinging
|
|
Batting: RHB Carlos Manriquez
|
0-0: Ball 1-0: Foul Ball, location: 2F 1-1: Ball 2-1: Called Strike 2-2: Strikes out looking
|
|
Batting: RHB Juan Gallardo
|
0-0: Ground out 5-3 (Groundball, 56, EV 85.6 MPH)
|
| Bottom of the 8th over - 0 runs, 0 hits, 0 errors, 0 left on base; Burlington 11 - Cleveland (APP) 2 |
| TOP OF THE 9TH |
|
Burlington Royals batting - Pitching for Cleveland (APP) Indians : LHP Jordan Jimenez
|
|
Batting: LHB Ernesto Abreu
|
0-0: Foul Ball, location: 2F 0-1: SINGLE (Groundball, 4M, EV 104.4 MPH) (infield hit)
|
|
Batting: RHB Tim Persson
|
0-0: Fielders Choice at 2nd, 4-6 (Groundball, 4, EV 88.1 MPH)
|
|
Batting: SHB Manny Berrones
|
0-0: Foul Ball, location: 2F 0-1: SINGLE (Groundball, 4MD, EV 98.8 MPH) Tim Persson to second
|
|
Batting: SHB Danny Ballenger
|
0-0: Ball 1-0: Ball 2-0: Called Strike 2-1: Hit by Pitch Tim Persson to third Manny Berrones to second
|
|
Batting: RHB Rob Ward
|
0-0: Ball Passed Ball! Tim Persson scores Manny Berrones to third Danny Ballenger to second 1-0: Called Strike 1-1: Fly out, F3 (Line Drive, 3, EV 68.8 MPH)
|
|
Batting: LHB Bobby Gonzalez
|
0-0: Called Strike 0-1: Ball Passed Ball! Manny Berrones scores Danny Ballenger to third 1-1: Foul Ball, location: 2F 1-2: Strikes out swinging
|
| Top of the 9th over - 2 runs, 2 hits, 0 errors, 1 left on base; Burlington 13 - Cleveland (APP) 2 |
| BOTTOM OF THE 9TH |
|
Cleveland (APP) Indians batting - Pitching for Burlington Royals : RHP Travis Stump
|
|
Batting: RHB Luis Roman
|
0-0: Ball 1-0: Ball 2-0: Ball 3-0: Called Strike 3-1: Foul Ball, location: 2F 3-2: Base on Balls
|
|
Batting: LHB Kenji Yokoyama
|
0-0: Called Strike 0-1: Called Strike 0-2: Ball 1-2: SINGLE (Groundball, 3D, EV 104.4 MPH) Luis Roman to second
|
|
Batting: RHB Joe Shade
|
0-0: Called Strike 0-1: Ball 1-1: Called Strike 1-2: Ball 2-2: Ball 3-2: Base on Balls Luis Roman to third Kenji Yokoyama to second
|
|
Batting: LHB Heath Ryland
|
0-0: Foul Ball, location: 2F 0-1: Foul Ball, location: 2F 0-2: Strikes out swinging
|
|
Batting: RHB Ken Shear
|
0-0: Foul Ball, location: 2F 0-1: Ball 1-1: Ball 2-1: SINGLE (Groundball, 56D, EV 96.9 MPH) Luis Roman scores Kenji Yokoyama to third Joe Shade to second
|
|
Batting: SHB Mike Shields
|
0-0: Ground out 6-3 (Groundball, P, EV 87.5 MPH) Kenji Yokoyama scores Joe Shade to third Ken Shear to second
|
|
Batting: RHB John Clark
|
0-0: Ball 1-0: Ball 2-0: Called Strike 2-1: Foul Ball, location: 2F 2-2: Foul Ball, location: 2F 2-2: Foul Ball, location: 2F 2-2: Ball 3-2: Foul Ball, location: 2F 3-2: Foul Ball, location: 2F 3-2: Fly out, F4 (Popup, 34, EV 76.9 MPH)
|
| Bottom of the 9th over - 2 runs, 2 hits, 0 errors, 2 left on base; Burlington 13 - Cleveland (APP) 4 |
|